 Dungeon Crawl Stone Soup version 0.30.2 (webtiles) character file.

Game seed: 11241678581843097512

739 porpoise the Skirmisher (level 7, -1/44 HPs)
             Began as a Tengu Hunter on Feb 17, 2024.
             Slain by an orc warrior
             ... wielding a +0 war axe
              (10 damage)
             ... on level 5 of the Dungeon.
             The game lasted 00:10:52 (4343 turns).

porpoise the Skirmisher (Tengu Hunter)              Turns: 4343, Time: 00:10:52

Health: -1/44      AC:  5    Str: 12    XL:     7   Next: 75%
Magic:  8/8        EV: 15    Int:  9    God:
Gold:   241        SH:  0    Dex: 25    Spells: 6/6 levels left

rFire   . . .        b - +1 quick blade (venom)
rCold   . . .        (no shield)
rNeg    . . .        c - +0 leather armour
rPois   +            (helmet restricted)
rElec   .            E - +0 cloak
rCorr   .            x - +0 pair of gloves
SInv    .            (boots unavailable)
Will    .....        (no amulet)
Stlth   ++           C - +6 ring of dexterity
HPRegen 0.27/turn    j - ring of poison resistance
MPRegen 0.11/turn

%: no passive effects
@: flying quickly and evasively, invisible, quick
A: beak, talons 3, nimble flight
a: no special abilities


You were on level 5 of the Dungeon.
You visited 1 branch of the dungeon, and saw 5 of its levels.

You collected 241 gold pieces.

Inventory:

Hand Weapons
 a - a +0 shortbow
 b - a +1 quick blade of venom (weapon)
Missiles
 l - 2 poisoned darts
 n - 3 atropa-tipped darts
 y - a boomerang
 G - 6 javelins
Armour
 c - a +0 leather armour (worn)
 q - the +0 robe of the Silversmith {rF+ Str+5}
   (You found it on level 2 of the Dungeon)

   Str:       It affects your strength (+5).
   rF:        It protects you from fire.
 x - a +0 pair of gloves (worn)
 E - a +0 cloak (worn)
Jewellery
 h - a ring of protection from fire
 j - a ring of poison resistance (right hand)
 t - a ring of ice
 z - a ring of wizardry
 C - a +6 ring of dexterity (left hand)
Scrolls
 f - a scroll of torment {unknown}
 k - 2 scrolls of vulnerability
 m - a scroll of magic mapping {unknown}
 o - a scroll of enchant weapon {unknown}
 p - a scroll of immolation
 r - a scroll of blinking {unknown}
 v - a scroll of identify
 A - a scroll of butterflies {unknown}
 B - a scroll of teleportation
 D - a scroll of noise
Potions
 d - a potion of invisibility
 e - a potion of attraction {unknown}
 g - a potion of heal wounds {unknown}
 i - 2 potions of curing
 s - 2 potions of lignification
 u - 2 potions of cancellation {unknown}
 w - a potion of brilliance {unknown}
 F - a potion of mutation {unknown}


   Skills:
 - Level 5.0 Fighting
 * Level 8.7 Ranged Weapons
 + Level 0.3 Armour
 - Level 2.1 Dodging
 - Level 1.0 Stealth


You had 6 spell levels left.
You didn't know any spells.
Your spell library contained the following spells:

 Spells                   Type           Power      Damage    Failure   Level
 Apportation              Tloc           0%         N/A       45%         1
 Freeze                   Ice            0%         1d3       45%         1


Dungeon Overview and Level Annotations

Branches:
Dungeon (5/15)
 Temple: D:4-7

Altars:
Sif Muna
Trog
Vehumet

Shops:
D:3 [   D:4 =

Annotations:
D:4 2 transporters, porpoise's ghost, amateur TeSu
D:5 1 runed translucent door, jurchenman's ghost, novice MiFi


Innate Abilities, Weirdness & Mutations

You have a beak for a mouth.
You have claws for feet.
Your magical nature lets you fly swiftly and evasively.


Message History

The orc warrior closely misses you. The orc warrior barely misses you.
The orc warrior barely misses you.
Your +1 quick blade of venom begins to drip with poison!
b - a +1 quick blade of venom (weapon)
You are too injured to fight recklessly!
You are too injured to fight recklessly!
You are too injured to fight recklessly!
You strike the helpless orc warrior from behind!
You hit the orc warrior but do no damage.
The orc warrior is poisoned.
Your kick misses the orc warrior. The orc warrior closely misses you.
You hit the orc warrior but do no damage.
The orc warrior looks as sick as possible!
You claw the orc warrior, but do no damage.
The orc warrior is lightly wounded.
You closely miss the orc warrior.
The orc warrior is lightly wounded.
The orc warrior misses you.
You hit the orc warrior but do no damage.
The orc warrior looks as sick as possible!
You claw the orc warrior, but do no damage.
The orc warrior is lightly wounded.
The orc warrior misses you.
You strike the helpless orc warrior from behind!
You hit the orc warrior.
The orc warrior looks as sick as possible!
You claw the orc warrior, but do no damage.
The orc warrior is moderately wounded.
You hit the orc warrior but do no damage.
The orc warrior looks as sick as possible!
Your kick misses the orc warrior. Your peck misses the orc warrior.
The orc warrior is moderately wounded.
The orc warrior hits you with a +0 war axe!
* * * LOW HITPOINT WARNING * * *
You completely miss the orc warrior. You claw the orc warrior.
Your peck misses the orc warrior.
The orc warrior is heavily wounded.
The orc warrior hits you with a +0 war axe!
You die...

####### #.....##
##...#..##
##...###..#
##.o.#####.#
#.@.##._.#.#
#...###...#.#
#...#∩#...##.#
#.).###)..###.#
#._.##...## #.#
################...##
#.#
#............##...##
#.#
#.##########.#...##
#.# #.# #......#
###.### #.#


You could see an orc warrior (unable to see you, extremely poisoned).

Vanquished Creatures
  3 ogres (D:5)
  2 scorpions
  A hound (D:5)
  An orc priest (D:4)
  An iguana (D:5)
  4 orc wizards
  6 adders
  3 gnolls (D:4)
  A shadow imp (D:5)
  2 worms
  2 dart slugs
  5 orcs
  7 bats
  7 endoplasms
  6 giant cockroaches
  13 goblins
  4 hobgoblins
  11 kobolds
  A quokka (D:1)
  6 ball pythons
  3 frilled lizards
  5 rats
94 creatures vanquished.

Notes
Turn   | Place    | Note
-------+----------+-------------------------------------------
     0 | D:1      | porpoise the Tengu Hunter began the quest for the Orb.
     0 | D:1      | Reached XP level 1. HP: 12/12 MP: 2/2
   126 | D:1      | Reached XP level 2. HP: 17/17 MP: 3/3
   207 | D:1      | Reached skill level 5 in Ranged Weapons
   362 | D:1      | Reached XP level 3. HP: 22/22 MP: 4/4
   433 | D:1      | Found a faded altar of an unknown god.
   449 | D:1      | Got Plato's Cyclopedia of Egomania
   853 | D:2      | Reached XP level 4. HP: 27/27 MP: 5/5
  1053 | D:2      | Identified the +0 robe of the Silversmith {rF+ Str+5}
  1890 | D:3      | Noticed an ogre
  2129 | D:3      | Found Kaogoe's Armour Emporium.
  2320 | D:3      | Reached skill level 6 in Ranged Weapons
  2404 | D:4      | Gained mutation: Your magical nature lets you fly swiftly
                  | and evasively. [Tengu growth]
  2404 | D:4      | Reached XP level 5. HP: 9/32 MP: 6/6
  2731 | D:4      | Reached XP level 6. HP: 23/38 MP: 7/7
  2952 | D:4      | Found a transporter.
  2956 | D:4      | Noticed porpoise's ghost (amateur TeSu)
  2963 | D:4      | Found a transporter.
  3016 | D:4      | Reached skill level 7 in Ranged Weapons
  3338 | D:4      | Found a radiant altar of Vehumet.
  3349 | D:4      | Found Zecol's Jewellery Shoppe.
  3681 | D:5      | Entered Level 5 of the Dungeon
  3685 | D:5      | Found a runed translucent door.
  3691 | D:5      | Noticed jurchenman's ghost (novice MiFi)
  3796 | D:5      | Reached XP level 7. HP: 44/44 MP: 8/8
  3940 | D:5      | Reached skill level 8 in Ranged Weapons
  4150 | D:5      | Reached skill level 5 in Fighting
  4267 | D:5      | Found a shimmering blue altar of Sif Muna.
  4285 | D:5      | Got Sif Muna's Thoughts on the Snowflakes and Angles
  4320 | D:5      | Found a bloodstained altar of Trog.
  4343 | D:5      | Slain by an orc warrior

Illustrated notes

Levels and vault maps discovered:
D:1:      scummos_arrival_star, layout_basic,
          shapermc_ecumenical_altar_rom_forum, minmay_hexomino_u4
D:2:      layout_loops_ring
D:3:      layout_basic, serial_shops, shop, ebering_dispersal_statue_hall,
          minmay_ogre_servants
D:4:      layout_loops_corners, mainiacjoe_overflow_six_doors_small,
          serial_shops, shop, gammafunk_ghost_smash
D:5:      layout_loops_ring, nzn_overflow_gifts_of_might_and_magic,
          ebering_ghost_reflecting_pool, dk_noncrumbling_3,
          kennysheep_generic_room_11

Skill      XL: |  1  2  3  4  5  6  7 |
---------------+----------------------+-----
Ranged Weapons | 5 6 7 8 |  8.7
Fighting       | 3 4 5 |  5.0
Armour         | |  0.3
Dodging        | |  2.1
Stealth        | |  1.0

Action                     |  1- 3 |  4- 6 |  7- 9 || total
---------------------------+-------+-------+-------++-------
  Melee: Quick blade       |       |    37 |    15 ||    52
         Kick              |       |    10 |     7 ||    17
         Peck              |       |     7 |     2 ||     9
   Fire: Shortbow          |    92 |   110 |    48 ||   250
    Use: Scroll            |     1 |     5 |     1 ||     7
         Potion            |       |     1 |     1 ||     2
   Stab: Invisible         |       |       |     2 ||     2
 Armour: Leather armour    |     9 |    14 |     1 ||    24
  Dodge: Dodged            |    27 |    53 |    13 ||    93
